 Dungeon Crawl Stone Soup version 0.31-a0-180-g519b7de00c (webtiles) character file.

Game seed: 8022606445911675513

28779 qw the Cleaver (level 13, -4/82 HPs)
             Began as a Gargoyle Fighter on June 19, 2023.
             Was an Elder of Okawaru.
             Slain by a komodo dragon (6 damage)
             ... while paralysed by a floating eye
             ... on level 4 of the Lair of Beasts.
             The game lasted 00:06:23 (13420 turns).

qw the Cleaver (Gargoyle Fighter)                  Turns: 13420, Time: 00:06:23

Health: -4/82      AC: 25    Str: 26    XL:     13   Next: 41%
Magic:  18/20      EV:  2    Int:  8    God:    Okawaru [****..]
Gold:   516        SH:  0    Dex:  9    Spells: 12/12 levels left

rFire   . . .        Y - +0 broad axe
rCold   . . .        c - +0 buckler
rNeg    + . .        e - +0 plate armour
rPois   inf          h - +2 helmet
rElec   +            u - +2 cloak
rCorr   .            (no gloves)
SInv    .            (no boots)
Will    .....        q - amulet of regeneration Stlth
                     o - +5 ring of evasion
HPRegen 1.13/turn    (no ring)
MPRegen 0.17/turn

%: no passive effects
@: paralysed, heroic, corroded
A: sickness immunity, AC +9, negative energy resistance 1, electricity
resistance, torment resistance 1, petrification resistance
a: Renounce Religion, Heroism, Finesse


You were on level 4 of the Lair of Beasts.
You worshipped Okawaru.
Okawaru was greatly pleased with you.
You visited 3 branches of the dungeon, and saw 15 of its levels.

You collected 810 gold pieces.
You spent 294 gold pieces at shops.


Innate Abilities, Weirdness & Mutations

You are immune to sickness and miasma.
Your stone body is resilient. (AC +9)
You are immune to poison.
You resist negative energy. (rN+)
You are resistant to electric shocks. (rElec)
You are resistant to unholy torment.
You are immune to petrification.


   Skills:
 - Level 10.0(15.0) Fighting
 - Level 14.0(19.0) Axes
 - Level 5.0(10.0) Throwing
 - Level 9.0(14.0) Armour
 - Level 2.1(7.1) Dodging
 + Level 6.2(11.2) Shields
 - Level 10.0 Invocations


You had 12 spell levels left.
You didn't know any spells.
Your spell library was empty.

Inventory:

Hand Weapons
 v - a +2 war axe of flaming
 Y - a +0 broad axe (weapon)
Missiles
 b - 3 javelins (quivered)
 s - 3 silver javelins
Armour
 c - a +0 buckler (worn)
 e - a +0 plate armour (worn)
 h - a +2 helmet (worn)
 u - a +2 cloak (worn)
Jewellery
 o - a +5 ring of evasion (left hand)
 q - an amulet of regeneration (around neck)
Scrolls
 a - 7 scrolls of identify
 j - 3 scrolls of teleportation
Potions
 d - 2 potions of might
 f - 2 potions of mutation
 g - 4 potions of haste
 i - a potion of lignification
 k - 2 potions of enlightenment
 n - a potion of magic
 p - 2 potions of cancellation
 r - 2 potions of attraction

Dungeon Overview and Level Annotations

Branches:
Dungeon (10/15)            Temple (1/1) D:4            Lair (4/5) D:10
 Shoals (0/4) Lair:3        Snake (0/4) Lair:3          Orc (0/2) D:9
  Slime: Lair:4-5

Altars:
Ashenzari
Cheibriados
Dithmenos
Elyvilon
Fedhas
Gozag
Hepliaklqana
Kikubaaqudgha
Makhleb
Nemelex Xobeh
Okawaru
Qazlal
Ru
Sif Muna
Trog
Uskayaw
Vehumet
Wu Jian
Xom
Yredelemnul
Zin
The Shining One

Shops:
D:1 :   D:6 ?

Annotations:
Lair:3 2 transporters, 1 runed translucent door, qw's ghost, journeyman NaHu


Message History

The komodo dragon bites you but does no damage.
You hit the oklob plant but do no damage.
The oklob plant is lightly damaged.
You hit the komodo dragon but do no damage.
The oklob plant spits acid at you. The splash of acid misses you.
The komodo dragon misses you.
You slash the oklob plant!
The oklob plant is lightly damaged.
You hit the komodo dragon but do no damage.
You feel like a meek peon again.
The floating eye gazes piercingly through you!
You shrug off the repeated paralysis!
The oklob plant spits acid at you.
The splash of acid hits you but does no damage.
13415 ||| INVOKING Heroism.
You gain the combat prowess of a mighty hero.
The komodo dragon bites you but does no damage.
The floating eye's stare focuses on you.
You hit the oklob plant but do no damage.
The oklob plant is lightly damaged.
You barely miss the komodo dragon.
The komodo dragon bites you but does no damage.
The oklob plant spits acid at you. The splash of acid hits you!
You hit the oklob plant but do no damage.
The oklob plant is lightly damaged.
You slash the komodo dragon! The komodo dragon bites you!
You hit the oklob plant.
The oklob plant is moderately damaged.
You barely miss the komodo dragon.
The floating eye gazes piercingly through you!
You suddenly lose the ability to move!
The oklob plant spits acid at you. The splash of acid hits you!!
The acid corrodes you! The komodo dragon bites you!
The oklob plant spits acid at you. The splash of acid hits you!!
The komodo dragon bites you.
You die...

##.#....#.##.
...###...#.(......
.................[
#................. .
................. ..
..............[.
..#>###.........PP..
#...........@.PP.PP
#....<....lPPG.?PP
#..........PPP.)..P
<......>.....P[PPPPP
~........$...PPPPP..
~.[..............P..
.~~....#............
~~.##..=#...........
~~~ ...............


You could see 2 oklob plants, a komodo dragon and a floating eye.

Vanquished Creatures
  Harold (Lair:2)
  2 hydras
  Erica (Lair:2)
  2 boulder beetles
  2 two-headed ogres
  Urug (Lair:2)
  A skyshark (Lair:3)
  Pikel (D:8)
  5 elephants (Lair:2)
  3 black mambas
  12 cane toads
  2 torpor snails (Lair:2)
  5 komodo dragons
  4 polar bears
  3 hornets
  4 blink frogs (Lair:2)
  3 dream sheep (Lair:2)
  2 vampires
  A wraith (D:10)
  22 yaks
  4 basilisks
  A wyvern (Lair:3)
  A human (Lair:3)
  2 vampire mosquitoes (D:10)
  3 steam dragons
  2 wargs (D:9)
  4 nagas (Lair:3)
  4 water moccasins
  2 black bears
  3 ogres
  2 orc warriors
  2 ice beasts
  21 wolves
  3 centaurs
  4 lemures (D:8)
  A phantom (D:6)
  2 kobold brigands
  6 bullfrogs
  A gnoll sergeant (D:5)
  3 scorpions
  5 wights (D:6)
  15 killer bees
  2 howler monkeys
  2 electric eels
  A crimson imp (D:7)
  8 orc priests
  4 hounds
  4 jellies
  A sleepcap (D:7)
  2 iguanas (D:7)
  Natasha (thrice) (D:3)
  8 orc wizards
  7 hell rats (Lair:3)
  8 gnolls (D:5)
  8 adders
  A shadow imp (D:7)
  A white imp (D:7)
  An ufetubus (D:6)
  2 worms
  5 dart slugs
  27 orcs
  6 endoplasms
  5 giant cockroaches
  10 hobgoblins
  3 quokkas
  7 ball pythons
  6 bats
  7 frilled lizards (D:1)
  8 goblins
  14 kobolds
  3 rats
332 creatures vanquished.

Notes
Turn   | Place    | Note
-------+----------+-------------------------------------------
     0 | D:1      | qw the Gargoyle Fighter began the quest for the Orb.
     0 | D:1      | Reached XP level 1. HP: 14/14 MP: 1/1
     0 | D:1      | 0 ||| qw: Version: 0.3-a-7-ge0c9b40
     0 | D:1      | 0 ||| qw: Game counter: 977
     0 | D:1      | 0 ||| qw: Always use a shield: true
     0 | D:1      | 0 ||| qw: God list: Okawaru
     0 | D:1      | 0 ||| qw: Allow faded altars: false
     0 | D:1      | 0 ||| qw: Do Orc after D:15 true
     0 | D:1      | 0 ||| qw: Do second Lair branch before Depths: true
     0 | D:1      | 0 ||| qw: Lair rune preference: random
     0 | D:1      | 0 ||| qw: Plans: Normal, Zot:1-4, Slime:5, God:TSO, Crypt,
                  | Tomb, Abyss, Pan, Hells, Win
     0 | D:1      | 0 ||| PLANNING D:1-11
    43 | D:1      | Reached skill level 2 in Axes
   189 | D:1      | 189 ||| Stepping ~*~*~tactically~*~*~ (hiding).
   195 | D:1      | Reached XP level 2. HP: 18/19 MP: 2/2
   312 | D:1      | 312 ||| Stepping ~*~*~tactically~*~*~ (hiding).
   385 | D:1      | Found Zorgh's Book Emporium.
   417 | D:1      | Reached skill level 3 in Axes
   449 | D:1      | 449 ||| Stepping ~*~*~tactically~*~*~ (stealth).
   457 | D:1      | Reached XP level 3. HP: 23/23 MP: 3/3
   524 | D:1      | 524 ||| Stepping ~*~*~tactically~*~*~ (stealth).
   529 | D:1      | 529 ||| Stepping ~*~*~tactically~*~*~ (stealth).
   591 | D:1      | Found a faded altar of an unknown god.
   697 | D:1      | 697 ||| UPGRADING to +0 helmet.
   702 | D:1      | 702 ||| READING 2 scrolls labelled BEIT JICVIKEN.
   703 | D:1      | 703 ||| READING 2 scrolls labelled FIYZOIXTEMN.
   704 | D:1      | 704 ||| READING scroll of enchant weapon.
   704 | D:1      | 704 ||| ENCHANTING +1 war axe.
   705 | D:1      | 705 ||| DRINKING 2 red potions.
   808 | D:2      | 808 ||| Stepping ~*~*~tactically~*~*~ (stealth).
   809 | D:2      | 809 ||| Stepping ~*~*~tactically~*~*~ (stealth).
  1001 | D:2      | 1001 ||| DROPPING +3 whip.
  1108 | D:2      | 1108 ||| Stepping ~*~*~tactically~*~*~ (hiding).
  1109 | D:2      | 1109 ||| Stepping ~*~*~tactically~*~*~ (hiding).
  1112 | D:2      | 1112 ||| Stepping ~*~*~tactically~*~*~ (hiding).
  1115 | D:2      | 1115 ||| Stepping ~*~*~tactically~*~*~ (hiding).
  1456 | D:2      | Found a sparkling altar of Nemelex Xobeh.
  1703 | D:2      | 1703 ||| READING scroll labelled USEUFU KATH.
  1704 | D:2      | 1704 ||| READING 3 scrolls of identify.
  1704 | D:2      | 1704 ||| IDENTIFYING coppery potion
  1705 | D:2      | 1705 ||| READING 2 scrolls of identify.
  1705 | D:2      | 1705 ||| IDENTIFYING brown potion
  1706 | D:2      | 1706 ||| DROPPING potion of brilliance.
  1733 | D:3      | Reached XP level 4. HP: 28/28 MP: 4/4
  1740 | D:3      | Noticed Natasha
  1741 | D:3      | 1741 ||| Stepping ~*~*~tactically~*~*~ (hiding).
  1742 | D:3      | 1742 ||| Stepping ~*~*~tactically~*~*~ (hiding).
  1755 | D:3      | Killed Natasha
  1756 | D:3      | Reached skill level 4 in Axes
  1767 | D:3      | Noticed Natasha
  1768 | D:3      | 1768 ||| FLEEEEING.
  1769 | D:3      | 1769 ||| FLEEEEING.
  1769 | D:3      | HP: 6/28 [Natasha/magic dart (6)]
  1770 | D:3      | 1770 ||| FLEEEEING.
  1772 | D:3      | 1772 ||| STAIRDANCE
  1867 | D:3      | Killed Natasha
  1952 | D:3      | 1952 ||| DROPPING +1 whip of venom.
  1976 | D:3      | You fall into a shaft and drop 2 floors!
  1976 | D:5      | Entered Level 5 of the Dungeon
  2015 | D:5      | Reached XP level 5. HP: 31/32 MP: 5/5
  2145 | D:5      | Reached skill level 5 in Axes
  2167 | D:5      | Noticed an ogre
  2168 | D:5      | 2168 ||| Stepping ~*~*~tactically~*~*~ (stealth).
  2169 | D:5      | 2169 ||| Stepping ~*~*~tactically~*~*~ (stealth).
  2177 | D:5      | Killed an ogre
  2178 | D:5      | Reached XP level 6. HP: 22/39 MP: 6/6
  2193 | D:5      | HP: 8/39 [gnoll sergeant/+0 trident of protection (9)]
  2194 | D:5      | 2194 ||| DRINKING potion of heal wounds.
  2198 | D:5      | Reached skill level 1 in Dodging
  2201 | D:5      | HP: 7/39 [gnoll sergeant/+0 trident of protection (4)]
  2386 | D:5      | 2386 ||| READING 2 scrolls of identify.
  2386 | D:5      | 2386 ||| IDENTIFYING glowing blue potion
  2398 | D:4      | 2398 ||| Stepping ~*~*~tactically~*~*~ (stealth).
  2522 | D:4      | Reached XP level 7. HP: 35/44 MP: 7/7
  2607 | D:4      | 2607 ||| DROPPING +0 flail.
  2608 | D:4      | 2608 ||| DROPPING +0 mace.
  2689 | D:4      | 2689 ||| UPGRADING to +0 plate armour.
  2699 | D:4      | 2699 ||| DROPPING +0 scale mail.
  2709 | D:3      | Noticed Natasha
  2712 | D:3      | Killed Natasha
  2713 | D:3      | Reached skill level 6 in Axes
  2834 | D:3      | Found a blossoming altar of Fedhas.
  3152 | D:3      | 3152 ||| Stepping ~*~*~tactically~*~*~ (hiding).
  3391 | D:4      | HP: 11/44 [scorpion (6)]
  3645 | D:4      | Reached skill level 7 in Axes
  3804 | D:4      | Reached XP level 8. HP: 48/48 MP: 8/8
  4001 | D:4      | Found a staircase to the Ecumenical Temple.
  4002 | D:4      | 4002 ||| PLANNING TEMPLE
  4008 | D:4      | 4008 ||| DROPPING +6 ring of intelligence.
  4009 | D:4      | 4009 ||| READING scroll labelled PECHESM JUMAFI.
  4014 | D:4      | 4014 ||| DRINKING 2 clear potions.
  4096 | Temple   | Entered the Ecumenical Temple
  4159 | Temple   | 4159 ||| PLANNING OKAWARU WORSHIP
  4394 | Temple   | Became a worshipper of Warmaster Okawaru
  4395 | Temple   | 4395 ||| PLANNING D:1-11
  4751 | D:5      | 4751 ||| Stepping ~*~*~tactically~*~*~ (stealth).
  4820 | D:5      | Reached skill level 8 in Axes
  5121 | D:5      | 5121 ||| READING 3 scrolls of identify.
  5121 | D:5      | 5121 ||| IDENTIFYING amethyst potion
  5122 | D:5      | 5122 ||| READING 2 scrolls of identify.
  5122 | D:5      | 5122 ||| IDENTIFYING fizzy yellow potion
  5227 | D:6      | Reached * piety under Okawaru
  5255 | D:6      | 5255 ||| Stepping ~*~*~tactically~*~*~ (hiding).
  5266 | D:6      | 5266 ||| INVOKING Heroism.
  5270 | D:6      | Reached skill level 6 in Fighting
  5274 | D:6      | Reached skill level 1 in Invocations
  5427 | D:6      | 5427 ||| INVOKING Heroism.
  5428 | D:6      | Found Qufo's Magic Scroll Shoppe.
  5462 | D:6      | 5462 ||| BUYING scroll of brand weapon (133 gold).
  5462 | D:6      | Bought a scroll of brand weapon for 133 gold pieces
  5462 | D:6      | 5462 ||| BUYING scroll of enchant armour (105 gold).
  5462 | D:6      | Bought a scroll of enchant armour for 105 gold pieces
  5462 | D:6      | 5462 ||| SHOPLISTING scroll of enchant weapon (105 gold,
                  | have 67).
  5462 | D:6      | 5462 ||| BUYING scroll of identify (28 gold).
  5462 | D:6      | Bought a scroll of identify for 28 gold pieces
  5462 | D:6      | 5462 ||| BUYING scroll of identify (28 gold).
  5462 | D:6      | Bought a scroll of identify for 28 gold pieces
  5462 | D:6      | 5462 ||| READING scroll of brand weapon.
  5462 | D:6      | 5462 ||| BRANDING +2 war axe.
  5463 | D:6      | 5463 ||| READING scroll of enchant armour.
  5463 | D:6      | 5463 ||| ENCHANTING +0 helmet.
  6028 | D:6      | Reached XP level 9. HP: 28/55 MP: 9/9
  6028 | D:6      | 6028 ||| INVOKING Heroism.
  6032 | D:6      | Reached skill level 9 in Axes
  6152 | D:6      | 6152 ||| SWAPPING to +5 war axe.
  6153 | D:6      | 6153 ||| DROPPING +2 war axe of venom.
  6166 | D:6      | 6166 ||| UPGRADING to +5 ring of evasion.
  6167 | D:6      | 6167 ||| READING scroll labelled BALAPSYXKU.
  6168 | D:6      | 6168 ||| READING scroll labelled HOYT MEOCLEAFO.
  6169 | D:6      | 6169 ||| READING 3 scrolls of identify.
  6169 | D:6      | 6169 ||| IDENTIFYING lumpy coppery potion
  6170 | D:6      | 6170 ||| READING 2 scrolls of identify.
  6170 | D:6      | 6170 ||| IDENTIFYING grey potion
  6171 | D:6      | 6171 ||| DROPPING potion of invisibility.
  6241 | D:7      | Found a burning altar of Makhleb.
  6241 | D:7      | Found a shimmering altar of Xom.
  6262 | D:7      | Found a hazy altar of Hepliaklqana.
  6285 | D:7      | 6285 ||| INVOKING Heroism.
  6430 | D:7      | Noticed a hornet
  6436 | D:7      | Reached skill level 3 in Invocations
  6438 | D:7      | Killed a hornet
  6768 | D:7      | 6768 ||| INVOKING Heroism.
  6804 | D:7      | 6804 ||| READING scroll of enchant weapon.
  6804 | D:7      | 6804 ||| ENCHANTING +5 war axe.
  6805 | D:7      | Noticed a hornet
  6816 | D:7      | Killed a hornet
  6937 | D:7      | 6937 ||| INVOKING Heroism.
  7088 | D:7      | 7088 ||| READING scroll labelled QOCOWNOIMO.
  7105 | D:8      | 7105 ||| INVOKING Heroism.
  7113 | D:8      | HP: 14/57 [something (8)]
  7114 | D:8      | Reached skill level 6 in Armour
  7114 | D:8      | 7114 ||| Stepping ~*~*~tactically~*~*~ (cloud).
  7116 | D:8      | 7116 ||| Stepping ~*~*~tactically~*~*~ (cloud).
  7287 | D:8      | 7287 ||| READING 2 scrolls of identify.
  7287 | D:8      | 7287 ||| IDENTIFYING murky sapphire potion
  7289 | D:8      | Noticed a two-headed ogre
  7290 | D:8      | 7290 ||| INVOKING Heroism.
  7298 | D:8      | Killed a two-headed ogre
  7298 | D:8      | Reached ** piety under Okawaru
  7299 | D:8      | Reached skill level 10 in Axes
  7299 | D:8      | Reached XP level 10. HP: 63/63 MP: 11/13
  7353 | D:8      | 7353 ||| Stepping ~*~*~tactically~*~*~ (hiding).
  7359 | D:8      | 7359 ||| INVOKING Heroism.
  7414 | D:7      | Identified the +6 flail of the Burnt God {antimagic, rCorr
                  | Str-4 Dex+6}
  7416 | D:7      | 7416 ||| Stepping randomly (stuck).
  7448 | D:8      | 7448 ||| INVOKING Heroism.
  7466 | D:8      | 7466 ||| Stepping ~*~*~tactically~*~*~ (hiding).
  7467 | D:8      | 7467 ||| Stepping ~*~*~tactically~*~*~ (hiding).
  7468 | D:8      | 7468 ||| Stepping ~*~*~tactically~*~*~ (hiding).
  7541 | D:8      | Noticed Pikel
  7558 | D:8      | Killed Pikel
  7641 | D:8      | Reached *** piety under Okawaru
  7809 | D:8      | 7809 ||| UPGRADING to amulet of regeneration.
  7868 | D:9      | Reached skill level 11 in Axes
  7968 | D:9      | Found a basalt altar of Yredelemnul.
  8150 | D:9      | 8150 ||| INVOKING Heroism.
  8182 | D:9      | Reached skill level 9 in Fighting
  8188 | D:9      | Reached **** piety under Okawaru
  8189 | D:9      | 8189 ||| FLEEEEING.
  8190 | D:9      | 8190 ||| FLEEEEING.
  8191 | D:9      | 8191 ||| FLEEEEING.
  8305 | D:9      | Found a staircase to the Orcish Mines.
  8306 | D:9      | 8306 ||| DRINKING 2 potions of curing.
  8306 | D:9      | 8306 ||| (to cure confusion)
  8346 | D:9      | Reached skill level 1 in Throwing
  8478 | D:9      | Reached XP level 11. HP: 71/71 MP: 14/14
  8652 | D:9      | 8652 ||| READING 3 scrolls of identify.
  8652 | D:9      | 8652 ||| IDENTIFYING lumpy blue potion
  8687 | D:10     | Entered Level 10 of the Dungeon
  8688 | D:10     | 8688 ||| STAIRDANCE
  8805 | D:10     | Noticed a two-headed ogre
  8806 | D:10     | 8806 ||| INVOKING Heroism.
  8815 | D:10     | Killed a two-headed ogre
  8880 | D:10     | 8880 ||| INVOKING Heroism.
  8958 | D:10     | Found a staircase to the Lair.
  8963 | D:10     | Noticed a boulder beetle
  8964 | D:10     | 8964 ||| Stepping ~*~*~tactically~*~*~ (stealth).
  8966 | D:10     | 8966 ||| INVOKING Heroism.
  8979 | D:10     | Reached skill level 6 in Invocations
  8995 | D:10     | Killed a boulder beetle
  8995 | D:10     | Received a gift from Okawaru
  9559 | D:10     | 9559 ||| Stepping ~*~*~tactically~*~*~ (stealth).
  9616 | D:10     | 9616 ||| PLANNING LAIR
  9616 | D:10     | 9616 ||| UPGRADING to +0 cloak.
  9668 | Lair:1   | Entered Level 1 of the Lair of Beasts
  9686 | Lair:1   | 9686 ||| Stepping ~*~*~tactically~*~*~ (stealth).
  9730 | Lair:1   | Received a gift from Okawaru
  9759 | Lair:1   | 9759 ||| READING scroll of enchant armour.
  9759 | Lair:1   | 9759 ||| ENCHANTING +1 helmet.
  9775 | Lair:1   | 9775 ||| Stepping ~*~*~tactically~*~*~ (stealth).
  9780 | Lair:1   | 9780 ||| INVOKING Heroism.
  9857 | Lair:1   | 9857 ||| INVOKING Heroism.
  9863 | Lair:1   | Reached skill level 12 in Axes
  9889 | Lair:1   | 9889 ||| Stepping ~*~*~tactically~*~*~ (stealth).
  9923 | Lair:1   | 9923 ||| INVOKING Heroism.
  9973 | Lair:1   | Identified the +2 ring mail of the Swamp {Drain +Blink rC+
                  | Int+4}
  9974 | Lair:1   | 9974 ||| SWAPPING to +0 broad axe.
  9975 | Lair:1   | 9975 ||| DROPPING +6 war axe.
 10177 | Lair:1   | 10177 ||| INVOKING Heroism.
 10384 | Lair:1   | 10384 ||| READING 5 scrolls of identify.
 10384 | Lair:1   | 10384 ||| IDENTIFYING pink potion
 10385 | Lair:1   | 10385 ||| DROPPING potion of ambrosia.
 10434 | Lair:2   | 10434 ||| INVOKING Heroism.
 10463 | Lair:2   | Reached XP level 12. HP: 76/76 MP: 18/18
 10488 | Lair:2   | Noticed Harold
 10489 | Lair:2   | 10489 ||| INVOKING Heroism.
 10496 | Lair:2   | Reached skill level 9 in Invocations
 10516 | Lair:2   | Killed Harold
 10517 | Lair:2   | Reached skill level 3 in Throwing
 10648 | Lair:2   | 10648 ||| INVOKING Heroism.
 10666 | Lair:2   | Noticed Urug
 10690 | Lair:2   | HP: 10/76 [Urug/+2 eveningstar (18)]
 10691 | Lair:2   | 10691 ||| READING 4 scrolls of teleportation.
 10692 | Lair:2   | 10692 ||| DRINKING potion of heal wounds.
 10693 | Lair:2   | Killed Urug
 10695 | Lair:2   | 10695 ||| INVOKING Heroism.
 10777 | Lair:2   | 10777 ||| DROPPING +0 morningstar.
 10850 | Lair:2   | Noticed a seven-headed hydra
 10851 | Lair:2   | 10851 ||| INVOKING Heroism.
 10855 | Lair:2   | 10855 ||| SWAPPING to +2 eveningstar.
 10858 | Lair:2   | Killed a seven-headed hydra
 10859 | Lair:2   | 10859 ||| SWAPPING to +0 broad axe.
 10916 | Lair:2   | 10916 ||| Stepping ~*~*~tactically~*~*~ (stealth).
 10920 | Lair:2   | 10920 ||| INVOKING Heroism.
 10935 | Lair:2   | Reached skill level 6 in Shields
 11120 | Lair:2   | Noticed Erica
 11121 | Lair:2   | 11121 ||| Stepping ~*~*~tactically~*~*~ (stealth).
 11123 | Lair:2   | 11123 ||| Stepping ~*~*~tactically~*~*~ (stealth).
 11124 | Lair:2   | 11124 ||| INVOKING Heroism.
 11152 | Lair:2   | 11152 ||| INVOKING Heroism.
 11157 | Lair:2   | 11157 ||| DRINKING 2 potions of curing.
 11157 | Lair:2   | 11157 ||| (to cure confusion)
 11170 | Lair:2   | 11170 ||| DRINKING potion of curing.
 11170 | Lair:2   | 11170 ||| (to cure confusion)
 11177 | Lair:2   | Killed Erica
 11217 | Lair:2   | 11217 ||| INVOKING Heroism.
 11233 | Lair:2   | 11233 ||| READING scroll of enchant armour.
 11233 | Lair:2   | 11233 ||| ENCHANTING +0 cloak.
 11269 | Lair:2   | 11269 ||| INVOKING Heroism.
 11290 | Lair:2   | Reached skill level 9 in Armour
 11295 | Lair:2   | Received a gift from Okawaru
 11437 | Lair:2   | Received a gift from Okawaru
 11968 | Lair:3   | 11968 ||| STAIRDANCE
 11977 | Lair:2   | Reached XP level 13. HP: 82/82 MP: 20/20
 11991 | Lair:3   | 11991 ||| STAIRDANCE
 12023 | Lair:3   | 12023 ||| Stepping ~*~*~tactically~*~*~ (stealth).
 12025 | Lair:3   | 12025 ||| Stepping ~*~*~tactically~*~*~ (stealth).
 12039 | Lair:3   | 12039 ||| STAIRDANCE
 12122 | Lair:3   | Found a transporter.
 12122 | Lair:3   | Noticed qw's ghost (journeyman NaHu)
 12139 | Lair:3   | Found a transporter.
 12165 | Lair:3   | 12165 ||| Stepping ~*~*~tactically~*~*~ (stealth).
 12166 | Lair:3   | 12166 ||| Stepping ~*~*~tactically~*~*~ (stealth).
 12167 | Lair:3   | 12167 ||| Stepping ~*~*~tactically~*~*~ (stealth).
 12168 | Lair:3   | 12168 ||| Stepping ~*~*~tactically~*~*~ (stealth).
 12171 | Lair:3   | 12171 ||| INVOKING Heroism.
 12177 | Lair:3   | Reached skill level 13 in Axes
 12253 | Lair:3   | 12253 ||| INVOKING Heroism.
 12314 | Lair:3   | Found a staircase to the Snake Pit.
 12315 | Lair:3   | 12315 ||| Stepping ~*~*~tactically~*~*~ (hiding).
 12340 | Lair:3   | 12340 ||| Stepping ~*~*~tactically~*~*~ (hiding).
 12364 | Lair:3   | 12364 ||| READING scroll of enchant armour.
 12364 | Lair:3   | 12364 ||| ENCHANTING +1 cloak.
 12611 | Lair:3   | Found a staircase to the Shoals.
 12655 | Lair:3   | 12655 ||| INVOKING Heroism.
 12660 | Lair:3   | 12660 ||| SWAPPING to +2 eveningstar.
 12668 | Lair:3   | 12668 ||| SWAPPING to +0 broad axe.
 12687 | Lair:3   | Reached ***** piety under Okawaru
 12913 | Lair:3   | Found a runed translucent door.
 12950 | Lair:3   | 12950 ||| DROPPING +6 flail of the Burnt God {antimagic,
                  | rCorr Str-4 Dex+6}.
 12951 | Lair:3   | 12951 ||| DROPPING +2 eveningstar.
 12981 | Lair:3   | 12981 ||| INVOKING Heroism.
 12982 | Lair:3   | 12982 ||| INVOKING Finesse.
 13006 | Lair:3   | Reached skill level 14 in Axes
 13367 | Lair:3   | 13367 ||| READING scroll labelled OCUROA RYUDOD.
 13400 | Lair:4   | 13400 ||| INVOKING Heroism.
 13408 | Lair:4   | Paralysed by a floating eye for 3 turns
 13415 | Lair:4   | 13415 ||| INVOKING Heroism.
 13418 | Lair:4   | Paralysed by a floating eye for 3 turns
 13419 | Lair:4   | HP: 1/82 [oklob plant/splash of acid (20)]
 13420 | Lair:4   | Slain by a komodo dragon

Levels and vault maps discovered:
D:1:      dpeg_arrival_solitude, layout_basic, serial_shops, shop,
          hellmonk_ecumenical_altar_leap_of_faith, minmay_lizard_king
D:2:      layout_loops_corners, basic_altar
D:3:      layout_rooms, mainiacjoe_overflow_paths, nrook_uturn, uniq_natasha
D:4:      layout_basic, minmay_temple_entry_fiery, grunt_decor_mini_mirrors,
          grunt_ministairs_4
D:5:      layout_loops_ring
D:6:      layout_basic, eino_small_chamber_without_monster,
          nicolae_wooded_promenade
D:7:      layout_loops_ring, nicolae_overflow_hidden_temple,
          grunt_temple_overflow_champion_of_chaos, kennysheep_minor_cross
D:8:      layout_cave_pools, uniq_pikel
D:9:      layout_loops_corners, mainiacjoe_overflow_tiny_flanked, erik_orc_4
D:10:     layout_loops_cross, dpeg_oklobed_lair, minivault_21
Temple:   minmay_temple_bridge_d
Lair:1:   layout_layer_cave, grunt_forest_small_clearing_treed
Lair:2:   layout_small_grid, uniq_urug, uniq_erica, uniq_harold
Lair:3:   layout_cave_pods, elwin_shoals_entry_rocks,
          guppyfry_snake_entry_garden, gammafunk_ghost_arena,
          pdpol_lair_cabin_in_the_woods
Lair:4:   hellmonk_destroyed_diamonds, layout_misc_corridors, slime_entry_1,
          minmay_stone_trees_medium, chequers_serial_rivers_large_a,
          disabler_island, serial_bayou_shore_a

Skill      XL: |  1  2  3  4  5  6  7  8  9 10 11 12 13 |
---------------+----------------------------------------+-----
Axes           | 2 3 4 5 7 8 10 11 12 14 | 14.0
Fighting       | 4 6 7 9 10 | 10.0
Dodging        | 1 2 |  2.1
Armour         | 4 5 6 7 8 9 |  9.0
Invocations    | 1 4 8 10 | 10.0
Shields        | 4 5 6 |  6.2
Throwing       | 1 5 |  5.0

Action                     |  1- 3 |  4- 6 |  7- 9 | 10-12 | 13-15 || total
---------------------------+-------+-------+-------+-------+-------++-------
  Melee: War axe           |    85 |    90 |   289 |   297 |       ||   761
         Broad axe         |       |       |       |   198 |   173 ||   371
         Eveningstar       |       |       |       |     3 |     7 ||    10
  Throw: Boomerang         |       |       |       |    18 |       ||    18
         Javelin           |       |       |       |    35 |    30 ||    65
 Invoke: Heroism           |       |       |     8 |    20 |     6 ||    34
         Finesse           |       |       |       |       |     1 ||     1
    Use: Scroll            |     6 |     1 |    12 |     5 |     2 ||    26
         Potion            |     1 |     1 |     1 |     4 |       ||     7
 Armour: Scale mail        |    29 |    45 |    15 |       |       ||    89
         Plate armour      |       |       |   153 |   282 |   101 ||   536
  Dodge: Dodged            |    37 |    32 |   113 |   305 |   121 ||   608
  Block: Buckler           |    10 |    20 |    59 |   117 |    47 ||   253

Table legend:
 A = Non-vault XP
 B = Vault XP
 C = Vault XP percentage of total XP
 D = Non-vault monster count
 E = Vault monster count
 F = Vault count percentage of total count
                 A         B        C        D         E       F
            +---------+---------+-------+---------+---------+-------
      Total |   35185 |    5928 |  14.4 |     290 |      38 |  11.6
            +---------+---------+-------+---------+---------+-------
        D:1 |      42 |       6 |  12.5 |      21 |       6 |  22.2
        D:2 |      32 |       0 |   0.0 |       9 |       0 |   0.0
        D:3 |     112 |      35 |  23.8 |      18 |       1 |   5.3
        D:4 |     578 |      44 |   7.1 |      29 |       2 |   6.5
        D:5 |     807 |       0 |   0.0 |      23 |       0 |   0.0
        D:6 |     929 |       0 |   0.0 |      18 |       0 |   0.0
        D:7 |    1287 |      50 |   3.7 |      15 |       1 |   6.2
        D:8 |    2347 |     586 |  20.0 |      21 |       1 |   4.5
        D:9 |    1833 |     591 |  24.4 |      18 |      17 |  48.6
       D:10 |    3812 |       0 |   0.0 |      25 |       0 |   0.0
     Lair:1 |    4842 |       0 |   0.0 |      21 |       0 |   0.0
     Lair:2 |   12471 |    2510 |  16.8 |      46 |       3 |   6.1
     Lair:3 |    6093 |    2106 |  25.7 |      26 |       7 |  21.2
            +---------+---------+-------+---------+---------+-------
